 Dungeon Crawl Stone Soup version 0.23.2-1-ga50397a6bc (webtiles) character file.

Game seed: 9133136932366963325

11878 Foic the Eclecticist (level 11, -4/54 HPs)
             Began as a Deep Elf Wizard on May 23, 2019.
             Was a High Priest of Sif Muna.
             Slain by a spiny frog (10 damage)
             ... on level 1 of the Lair of Beasts on May 24, 2019.
             The game lasted 02:14:43 (19406 turns).

Foic the Eclecticist (Deep Elf Wizard)             Turns: 19406, Time: 02:14:44

Health: -4/54      AC:  7    Str:  2    XL:     11   Next: 55%
Magic:  13/32      EV: 21    Int: 30    God:    Sif Muna [*****.]
Gold:   519        SH:  0    Dex: 13    Spells: 19/40 levels left

rFire    . . .     SeeInvis .   p - staff of earth
rCold    . . .     Gourm    .   (no shield)
rNeg     . . .     Faith    .   M - +2 robe {Archmagi}
rPois    .         Spirit   .   b - +0 hat
rElec    .         Reflect  .   (no cloak)
rCorr    .         Harm     .   q - +0 pair of gloves
MR       +....                  (no boots)
Stlth    ++........             C - amulet of magic regeneration
HPRegen  0.18/turn              H - +3 ring of intelligence
MPRegen  0.48/turn              B - +3 ring of evasion

@: lethally poisoned (-4 -> -13)
A: horns 1, iridescent scales 1, weak 1
a: Divine Energy, Channel Magic, Forget Spell, Renounce Religion


You were on level 1 of the Lair of Beasts.
You worshipped Sif Muna.
Sif Muna was extremely pleased with you.
You were not hungry.

You visited 4 branches of the dungeon, and saw 14 of its levels.

You collected 849 gold pieces.
You spent 330 gold pieces at shops.

Inventory:

Hand Weapons
 n - a +0 quarterstaff
 J - a +2 short sword of distortion
 K - a +3 dagger of chaos
Missiles
 o - 119 arrows
Armour
 b - a +0 hat (worn)
 q - a +0 pair of gloves (worn)
 u - a +2 leather armour of poison resistance
 L - a +2 robe of positive energy
 M - a +2 robe of the Archmagi (worn)
Magical Staves
 p - an uncursed staff of earth (weapon)
Jewellery
 i - an uncursed amulet of the acrobat
 y - an uncursed ring of protection from fire
 B - a +3 ring of evasion (right hand)
 C - an amulet of magic regeneration (around neck)
 H - a +3 ring of intelligence (left hand)
 P - an uncursed ring of fire
Wands
 a - a wand of enslavement (4)
 k - a wand of iceblast (12)
 s - a wand of flame (67)
 v - a wand of random effects (23)
 F - a wand of clouds (5)
 O - a wand of acid (5)
 R - a wand of digging (8)
Scrolls
 f - 2 scrolls of fog {unknown}
 g - 3 scrolls of amnesia
 h - 2 scrolls of enchant weapon {unknown}
 j - 4 scrolls of remove curse
 l - 5 scrolls of identify
 r - 4 scrolls of magic mapping
 t - 4 scrolls of teleportation {unknown}
 z - 3 scrolls of blinking {unknown}
 A - a scroll of torment {unknown}
 I - 2 scrolls of random uselessness {unknown}
Potions
 c - 2 potions of degeneration {unknown}
 e - a potion of invisibility {unknown}
 w - a potion of might {unknown}
 x - 2 potions of brilliance {unknown}
 D - a potion of lignification {unknown}
 E - a potion of ambrosia {unknown}
 G - a potion of magic {unknown}
 Q - a potion of cancellation {unknown}
Comestibles
 d - 33 rations
 N - 2 chunks of flesh


   Skills:
 + Level 0.2 Fighting
 + Level 2.5 Armour
 * Level 10.2 Dodging
 + Level 3.8 Stealth
 + Level 15.0 Spellcasting
 + Level 5.8 Conjurations
 + Level 2.7 Hexes
 + Level 8.6 Summonings
 + Level 3.2 Translocations
 + Level 4.3 Fire Magic


You had 19 spell levels left.
You knew the following spells:

 Your Spells              Type           Power        Failure   Level  Hunger
a - Magic Dart            Conj           ####         1%          1    None
b - Blink                 Tloc           N/A          1%          2    None
c - Call Imp              Summ           #######.     1%          2    None
d - Slow                  Hex            ######..     1%          2    None
e - Throw Flame           Conj/Fire      ######       1%          2    None
f - Conjure Flame         Conj/Fire      ######..     1%          3    None
g - Fireball              Conj/Fire      ######....   7%          5    None
h - Force Lance           Conj/Tloc      ######..     3%          4    None

Your spell library contained the following spells:

 Spells                   Type           Power        Failure   Level  Hunger
 Flame Tongue             Conj/Fire      #####        1%          1    None
 Inner Flame              Hex/Fire       ######..     1%          3    None
 Mephitic Cloud           Conj/Pois/Air  ######..     2%          3    None
 Sticky Flame             Conj/Fire      ######..     2%          4    None
 Poisonous Vapours        Pois/Air       ####..       3%          2    None
 Summon Lightning Spire   Summ/Air       ######..     3%          4    None
 Lightning Bolt           Conj/Air       ######....   17%         5    None
 Spellforged Servitor     Conj/Summ      #######...   67%         7    #####..
 Fire Storm               Conj/Fire      ######....   100%        9    #######


Dungeon Overview and Level Annotations

Branches:
Dungeon (11/15)            Temple (1/1) D:4            Lair (1/6) D:11
    Orc (1/2) D:11

Altars:
Ashenzari
Cheibriados
Dithmenos
Elyvilon
Fedhas
Gozag
Hepliaklqana
Kikubaaqudgha
Makhleb
Nemelex Xobeh
Okawaru
Qazlal
Ru
Sif Muna
Trog
Uskayaw
Vehumet
Wu Jian
Xom
Yredelemnul
Zin
The Shining One

Shops:
D:5 =   D:11 *

Annotations:
D:3 2 transporters
D:5 330g amulet magic regen
D:8 3 runed translucent doors, kiryas's ghost, novice TrMo; voshxz's ghost, novice GrFi


Innate Abilities, Weirdness & Mutations

You have a pair of small horns on your head.
You are partially covered in iridescent scales. (AC +2)
You are weak. (Str -2)


Message History

Aim: a spiny frog You feel a surge of power!
The fireball explodes!
The fireball engulfs the spiny frog!!
The spiny frog is heavily wounded.
The fireball engulfs the water moccasin!!
The water moccasin is almost dead.
The fireball engulfs the komodo dragon!
The komodo dragon is moderately wounded.
The water moccasin misses you.
Your white imp gestures at the komodo dragon.
The puff of frost hits the komodo dragon.
Casting: Fireball (safe; 7% risk of failure)
Confirm with . or Enter, or press ? or * to list all spells.
You feel a surge of power!
A beastly little devil appears in a puff of frigid air.
The water moccasin bites you.
* * * LOW HITPOINT WARNING * * *
You are lethally poisoned!
The water moccasin poisons you! The spiny frog stings you!
You die...

#.## ...# #.# ...... ..........#
#.# ..#...# #..)...... #.##
......###..P #...# #..#
.......##..# ...# #§..
........#..# #..# ##...
.......##..####..# ##....
.................####### ##.....
.......§........@##.#..####......
...........###.#SF.............§.
...........# ###l.5...FF......§..
.§.....#.F## #..5......§.......
.P....F....## #.##F..F..§.......
............####.#...§.##P#.§....
.................#...5.#######...
##.....................# ##5...
##.........##.........## #.....


You could see a komodo dragon, a spiny frog, 4 blink frogs, a water moccasin, a
friendly crimson imp and 2 friendly white imps.

Vanquished Creatures
  2 two-headed ogres (D:10)
  Sonja (D:10)
  An unseen horror (D:10)
  A cyclops (D:11)
  An ugly thing (D:11)
  A spiny frog (D:11)
  A komodo dragon (D:11)
  A queen bee (D:9)
  A hippogriff (D:11)
  2 wraiths (D:7)
  A water elemental (D:11)
  8 yaks
  A hungry ghost (D:9)
  2 phantoms (D:11)
  3 orc warriors
  2 ice beasts (D:9)
  An eye of draining (D:11)
  2 sky beasts
  3 ogres
  A centaur (D:9)
  4 crocodiles
  5 bullfrogs
  Dowan (D:7)
  2 troll zombies (D:11)
  18 killer bees
  3 wights (D:8)
  3 crimson imps
  A bullfrog skeleton (D:10)
  2 bullfrog zombies
  2 human zombies (D:7)
  A jelly (D:8)
  5 orc priests
  4 worker ants
  11 orc wizards
  4 ogre zombies (D:11)
  A hound skeleton (D:8)
  A worker ant zombie (D:10)
  2 howler monkey skeletons
  4 adders
  2 shadow imps
  An ooze (D:2)
  An adder skeleton (D:4)
  An adder zombie (D:5)
  2 worms (D:2)
  A dart slug (D:3)
  3 leopard geckos
  34 orcs
  A ball python (D:1)
  7 bats
  4 giant cockroaches
  5 goblins
  8 hobgoblins
  3 jackals
  10 kobolds
  8 quokkas
  3 frilled lizards
  2 hobgoblin skeletons (D:11)
  2 jackal skeletons
  A jackal zombie (D:6)
  An orc skeleton (D:7)
  2 orc zombies (D:11)
  4 quokka skeletons
  11 rats
227 creatures vanquished.

Vanquished Creatures (collateral kills)
  Psyche (D:10)
  2 hippogriffs
  6 yaks
  A wyvern (D:6)
  Duvessa (D:7)
  An acid dragon (D:11)
  A porcupine (Lair:1)
  An orc warrior (D:7)
  3 ice beasts
  A sky beast (D:6)
  A necrophage (D:7)
  2 phantoms
  An ogre (D:7)
  A centaur (D:10)
  A crocodile (D:11)
  An elf zombie (D:7)
  4 big kobolds (D:8)
  5 bullfrogs
  5 scorpions
  A killer bee (D:9)
  3 wights
  5 howler monkeys
  2 crimson imps
  A bullfrog skeleton (D:6)
  A quasit (D:9)
  7 orc priests
  A bullfrog zombie (D:7)
  5 hounds
  A human zombie (D:7)
  A jelly (D:11)
  6 orc wizards
  5 iguanas
  A human skeleton (D:7)
  6 worker ants
  A hound skeleton (D:7)
  A mummy (D:7)
  6 adders
  5 worms
  A leopard gecko (D:3)
  28 orcs
  2 giant cockroaches (D:5)
  2 hobgoblins
  8 jackals
  A quokka (D:2)
  A frilled lizard (D:3)
  A goblin skeleton (D:11)
  A goblin zombie (D:11)
  A hobgoblin skeleton (D:11)
  A hobgoblin zombie (D:11)
  7 kobolds
  2 orc skeletons (D:11)
  9 orc zombies (D:11)
163 creatures vanquished.

Vanquished Creatures (others)
  An orc wizard (D:9)
  7 plants (D:11)
  5 withered plants (D:8)
13 creatures vanquished.

Grand Total: 403 creatures vanquished

Notes
Turn   | Place    | Note
-------+----------+-------------------------------------------
     0 | D:1      | Foic the Deep Elf Wizard began the quest for the Orb.
     0 | D:1      | Reached XP level 1. HP: 10/10 MP: 7/7
   189 | D:1      | Reached XP level 2. HP: 15/15 MP: 0/9
   193 | D:1      | Learned a level 2 spell: Blink
   196 | D:1      | Learned a level 2 spell: Call Imp
   199 | D:1      | Learned a level 2 spell: Slow
   317 | D:1      | Reached skill level 5 in Spellcasting
   918 | D:2      | Reached XP level 3. HP: 19/19 MP: 7/12
  1437 | D:2      | Reached XP level 4. HP: 24/24 MP: 4/13
  1783 | D:2      | Reached skill level 6 in Spellcasting
  2142 | D:3      | Found an ornate altar of the Wu Jian Council.
  2179 | D:3      | Found a radiant altar of Vehumet.
  2344 | D:3      | Reached XP level 5. HP: 28/28 MP: 11/15
  2618 | D:3      | Found a glowing silver altar of Zin.
  2686 | D:3      | Noticed a phantom
  2701 | D:3      | Found a transporter.
  2702 | D:3      | Noticed an ice beast
  2702 | D:3      | Noticed a hornet
  2703 | D:3      | Found a transporter.
  2704 | D:3      | Found a white marble altar of Elyvilon.
  2976 | D:3      | Found a snail-covered altar of Cheibriados.
  2977 | D:3      | Found a hide-covered altar of Uskayaw.
  4083 | D:4      | Reached XP level 6. HP: 21/32 MP: 14/17
  4298 | D:4      | Gained mutation: You are weak. (Str -2) [potion of
                  | mutation]
  4298 | D:4      | Gained mutation: You have a pair of small horns on your
                  | head. [potion of mutation]
  4298 | D:4      | Gained mutation: You are partially covered in iridescent
                  | scales. (AC +2) [potion of mutation]
  4562 | D:4      | Reached skill level 7 in Spellcasting
  4824 | D:4      | Found a staircase to the Ecumenical Temple.
  4832 | Temple   | Entered the Ecumenical Temple
  4839 | Temple   | Became a worshipper of Sif Muna the Loreminder
  5415 | D:5      | Entered Level 5 of the Dungeon
  6086 | D:5      | Found a hazy altar of Hepliaklqana.
  6161 | D:5      | Reached XP level 7. HP: 36/36 MP: 17/20
  6397 | D:5      | Reached skill level 8 in Spellcasting
  6466 | D:5      | Found Xeat's Jewellery Shoppe.
  6469 | D:5      | Identified the +3 broad axe of Severance {drain, rElec
                  | Dex+2 Stlth+}
  6920 | D:5      | Reached * piety under Sif Muna
  7080 | D:6      | Reached skill level 1 in Armour
  7165 | D:6      | Noticed a wyvern
  7183 | D:6      | Killed a wyvern
  7183 | D:6      | Reached skill level 5 in Dodging
  7183 | D:6      | Reached skill level 9 in Spellcasting
  7258 | D:6      | Noticed a hippogriff
  7465 | D:6      | Killed a hippogriff
  7465 | D:6      | Reached XP level 8. HP: 35/41 MP: 15/23
  7590 | D:6      | Reached skill level 5 in Summonings
  8526 | D:7      | Reached ** piety under Sif Muna
  8869 | D:7      | Reached skill level 1 in Hexes
  9202 | D:7      | Reached skill level 10 in Spellcasting
  9438 | D:7      | Noticed Dowan
  9438 | D:7      | Noticed Duvessa
  9524 | D:7      | Killed Duvessa
  9527 | D:7      | Killed Dowan
  9997 | D:7      | Reached *** piety under Sif Muna
  9997 | D:7      | Reached XP level 9. HP: 45/45 MP: 22/25
 10022 | D:7      | Found an ancient bone altar of Kikubaaqudgha.
 10069 | D:7      | Reached skill level 11 in Spellcasting
 10293 | D:7      | Learned a level 2 spell: Throw Flame
 10995 | D:8      | Found a shadowy altar of Dithmenos.
 11153 | D:8      | Reached skill level 1 in Fire Magic
 11652 | D:8      | Found an iron altar of Okawaru.
 11727 | D:8      | Found a runed translucent gate.
 11728 | D:8      | Found a runed translucent gate.
 11743 | D:8      | Found a runed translucent gate.
 11746 | D:8      | Noticed voshxz's ghost (novice GrFi)
 11746 | D:8      | Noticed kiryas's ghost (novice TrMo)
 12916 | D:8      | Reached skill level 12 in Spellcasting
 13168 | D:5      | Bought an uncursed amulet of magic regeneration for 330
                  | gold pieces
 13589 | D:9      | Reached XP level 10. HP: 50/50 MP: 23/28
 14159 | D:9      | Got a bloodstained ring mail
 14164 | D:9      | Identified the cursed +1 ring mail of the Secret Places
                  | {rPois} (You found it on level 9 of the Dungeon)
 14466 | D:10     | Entered Level 10 of the Dungeon
 14466 | D:10     | Noticed a two-headed ogre
 14664 | D:10     | Killed a two-headed ogre
 14664 | D:10     | Reached **** piety under Sif Muna
 15241 | D:10     | Reached skill level 13 in Spellcasting
 15966 | D:10     | Noticed Psyche
 15989 | D:10     | Noticed Sonja
 15992 | D:10     | Killed Psyche
 15992 | D:10     | Reached skill level 5 in Conjurations
 16078 | D:10     | Killed Sonja
 16305 | D:10     | HP: 2/50 [something (5)]
 16584 | D:10     | Learned a level 3 spell: Conjure Flame
 16604 | D:10     | Killed an unseen horror
 16938 | D:11     | Noticed a two-headed ogre
 16974 | D:10     | Killed a two-headed ogre
 16974 | D:10     | Reached XP level 11. HP: 38/54 MP: 15/30
 17067 | D:11     | Found Peacsimo's Practical Paraphernalia.
 17186 | D:11     | Reached skill level 14 in Spellcasting
 17629 | D:11     | Learned a level 5 spell: Fireball
 17765 | D:11     | Found a staircase to the Lair.
 18079 | D:11     | Reached ***** piety under Sif Muna
 18167 | D:11     | Found a staircase to the Orcish Mines.
 18199 | D:11     | Identified Ynwytad's Reference Book on Floating Damage
                  | Dealing (Sif Muna gifted it to you on level 11 of the
                  | Dungeon)
 18199 | D:11     | Received a gift from Sif Muna
 18208 | D:11     | Learned a level 4 spell: Force Lance
 18481 | D:11     | Noticed a green ugly thing
 18498 | D:11     | Killed a green ugly thing
 18645 | D:11     | Reached skill level 10 in Dodging
 18758 | D:11     | Found Norch's Serpentskin Sales.
 18923 | Orc:1    | Entered Level 1 of the Orcish Mines
 18979 | Lair:1   | Entered Level 1 of the Lair of Beasts
 19240 | Lair:1   | Reached skill level 15 in Spellcasting
 19406 | Lair:1   | Slain by a spiny frog

Skill      XL: |  1  2  3  4  5  6  7  8  9 10 11 |
---------------+----------------------------------+-----
Spellcasting   | 5 6 7 9 10 12 13 15 | 15.0
Dodging        | 3 4 5 6 8 9 10 | 10.2
Stealth        | 3 |  3.8
Conjurations   | 2 3 4 5 |  5.8
Summonings     | 2 3 4 6 7 8 |  8.6
Armour         | 1 2 |  2.5
Hexes          | 1 2 |  2.7
Fire Magic     | 2 3 4 |  4.3
Translocations | 2 3 |  3.2
Fighting       | |  0.2

Action                   |  1- 3 |  4- 6 |  7- 9 | 10-12 || total
-------------------------+-------+-------+-------+-------++-------
Melee: Quarterstaff      |       |     2 |       |       ||     2
       Staff             |       |       |     2 |     6 ||     8
       Headbutt          |       |       |     1 |       ||     1
 Cast: Magic Dart        |    83 |   124 |   143 |    12 ||   362
       Call Imp          |    15 |    74 |   227 |   170 ||   486
       Slow              |     1 |     3 |    27 |    29 ||    60
       Blink             |       |     1 |    12 |    59 ||    72
       Throw Flame       |       |       |   106 |   218 ||   324
       Conjure Flame     |       |       |       |     3 ||     3
       Fireball          |       |       |       |    27 ||    27
       Force Lance       |       |       |       |    15 ||    15
  Use: Scroll            |     4 |       |     1 |     4 ||     9
       Potion            |       |     3 |     5 |     3 ||    11
  Eat: Chunk             |     1 |    13 |    21 |    11 ||    46
       Ration            |       |       |     1 |     2 ||     3
Armor: Robe              |     1 |       |       |     2 ||     3
       Leather armour    |       |     9 |    37 |    38 ||    84
Dodge: Dodged            |    20 |    35 |   168 |   184 ||   407
